| TOP OF THE 1ST |
|
Los Angeles (NYP) Angels batting - Pitching for Aberdeen Ironbirds : RHP Dave Reisinger
|
|
Pitching: RHP Dave Reisinger
|
|
|
Batting: RHB Steve Hasson
|
0-0: Called Strike 0-1: Ball 1-1: Called Strike 1-2: Strikes out swinging
|
|
Batting: RHB Greg Burdine
|
0-0: Swinging Strike 0-1: Foul Ball, location: 2F 0-2: Strikes out swinging
|
|
Batting: RHB Randy Grewe
|
0-0: Called Strike 0-1: Swinging Strike 0-2: Foul Ball, location: 2F 0-2: Foul Ball, location: 2F 0-2: Ball 1-2: Ball 2-2: Ball 3-2: Base on Balls
|
|
Batting: RHB Jon Griffin
|
0-0: Called Strike 0-1: SINGLE (Groundball, 6, EV 95.6 MPH) Randy Grewe to second Runner from 2nd tries for 3rd, SAFE, throw by CF made to third
|
|
Batting: SHB Roger Payne
|
0-0: Called Strike 0-1: Swinging Strike 0-2: Strikes out swinging
|
| Top of the 1st over - 0 runs, 1 hit, 0 errors, 2 left on base; Los Angeles (NYP) 0 - Aberdeen 0 |
| BOTTOM OF THE 1ST |
|
Aberdeen Ironbirds batting - Pitching for Los Angeles (NYP) Angels : RHP Bartholomeu Voivodic
|
|
Pitching: RHP Bartholomeu Voivodic
|
|
|
Batting: LHB Shane Free
|
0-0: Ball 1-0: Ground out 5-3 (Groundball, 5, EV 88.8 MPH)
|
|
Batting: LHB Tim Mulholland
|
0-0: SINGLE (Line Drive, 7LM, EV 90.6 MPH)
|
|
Batting: LHB Raul Rojas
|
0-0: Called Strike 0-1: Called Strike 0-2: Ball 1-2: Ball 2-2: Fly out, F7 (Flyball, 7, EV 84.4 MPH)
|
|
Batting: SHB Jorge Brito
|
0-0: Called Strike 0-1: Ball 1-1: Ball 2-1: Called Strike 2-2: Ball Tim Mulholland steals 2nd base 3-2: Ground out 4-3 (Groundball, 4M, EV 86.9 MPH)
|
| Bottom of the 1st over - 0 runs, 1 hit, 0 errors, 1 left on base; Los Angeles (NYP) 0 - Aberdeen 0 |
| TOP OF THE 2ND |
|
Los Angeles (NYP) Angels batting - Pitching for Aberdeen Ironbirds : RHP Dave Reisinger
|
|
Batting: RHB Pat Crawley
|
0-0: Ball 1-0: Ball 2-0: SINGLE (Groundball, 6MD, EV 93.8 MPH)
|
|
Batting: RHB John Beddow
|
0-0: Called Strike 0-1: Ball 1-1: Ball 2-1: Fly out, F3 (Line Drive, 3, EV 71.9 MPH) Lined into DP, U3 (Line Drive, 3, EV 72.5 MPH)
|
|
Batting: RHB Tristan Lewis
|
0-0: Ball 1-0: Ball 2-0: Ball 3-0: Swinging Strike 3-1: Foul Ball, location: 2F 3-2: Base on Balls
|
|
Batting: RHB Zach Robbins
|
0-0: Ground out U3 (Groundball, 3, EV 93.1 MPH)
|
| Top of the 2nd over - 0 runs, 1 hit, 0 errors, 1 left on base; Los Angeles (NYP) 0 - Aberdeen 0 |
| BOTTOM OF THE 2ND |
|
Aberdeen Ironbirds batting - Pitching for Los Angeles (NYP) Angels : RHP Bartholomeu Voivodic
|
|
Batting: LHB David Best
|
0-0: Ball 1-0: Ball 2-0: Ball 3-0: Base on Balls
|
|
Batting: RHB Travis Carter
|
0-0: Called Strike 0-1: Fielders Choice at 2nd, 3-6 (Groundball, 34S, EV 81.2 MPH)
|
|
Batting: LHB Bill Ostlund
|
0-0: Called Strike 0-1: Foul Ball, location: 2F 0-2: Strikes out swinging
|
|
Batting: LHB Rodolfo Montes
|
0-0: Called Strike 0-1: Ball Travis Carter steals 2nd base 1-1: Swinging Strike 1-2: Ground out 4-3 (Groundball, 4, EV 104.4 MPH)
|
| Bottom of the 2nd over - 0 runs, 0 hits, 0 errors, 1 left on base; Los Angeles (NYP) 0 - Aberdeen 0 |
| TOP OF THE 3RD |
|
Los Angeles (NYP) Angels batting - Pitching for Aberdeen Ironbirds : RHP Dave Reisinger
|
|
Batting: RHB Steve Hasson
|
0-0: Called Strike 0-1: Foul Ball, location: 2F 0-2: Foul Ball, location: 2F 0-2: Strikes out swinging
|
|
Batting: RHB Greg Burdine
|
0-0: Called Strike 0-1: Ball 1-1: Ball 2-1: Foul Ball, location: 2F 2-2: Foul Ball, location: 2F 2-2: Fly out, F2 (Popup, 3SF, EV 86.9 MPH)
|
|
Batting: RHB Randy Grewe
|
0-0: Called Strike 0-1: Foul Ball, location: 2F 0-2: Ball 1-2: Ball 2-2: Reached on error, E6 (Groundball, 6M, EV 88.1 MPH)
|
|
Batting: RHB Jon Griffin
|
0-0: Ball 1-0: Called Strike 1-1: Foul Ball, location: 2F 1-2: Foul Ball, location: 2F 1-2: Foul Ball, location: 2F 1-2: Strikes out swinging
|
| Top of the 3rd over - 0 runs, 0 hits, 1 error, 1 left on base; Los Angeles (NYP) 0 - Aberdeen 0 |
| BOTTOM OF THE 3RD |
|
Aberdeen Ironbirds batting - Pitching for Los Angeles (NYP) Angels : RHP Bartholomeu Voivodic
|
|
Batting: SHB Hugo Moreno
|
0-0: Ball 1-0: Ball 2-0: Swinging Strike 2-1: Ball 3-1: Called Strike 3-2: Base on Balls
|
|
Batting: LHB Shane Free
|
0-0: Ball 1-0: Ball 2-0: Swinging Strike 2-1: Ball 3-1: Base on Balls Hugo Moreno to second
|
|
Batting: LHB Tim Mulholland
|
0-0: Ball 1-0: Foul Ball, location: 2F 1-1: Swinging Strike 1-2: Foul Ball, location: 2F 1-2: Ball 2-2: Ball 3-2: Base on Balls Hugo Moreno to third Shane Free to second
|
|
Batting: LHB Raul Rojas
|
0-0: Fly out, F8 (Flyball, 8RXD, EV 95.0 MPH) Runner from 3rd tags up, SCORES, no throw by CF Shane Free to third
|
|
Batting: SHB Jorge Brito
|
0-0: Ball 1-0: Foul Ball, location: 2F 1-1: Swinging Strike 1-2: Hit by Pitch Tim Mulholland to second
|
|
Batting: LHB David Best
|
0-0: GRAND SLAM HOME RUN (Flyball, 89XD, EV 115.0 MPH), Distance : 432 ft
|
|
Batting: RHB Travis Carter
|
0-0: Called Strike 0-1: Ball 1-1: Swinging Strike 1-2: Ball 2-2: Strikes out looking
|
|
Batting: LHB Bill Ostlund
|
0-0: Ground out 5-3 (Groundball, 6S, EV 81.2 MPH)
|
| Bottom of the 3rd over - 5 runs, 1 hit, 0 errors, 0 left on base; Los Angeles (NYP) 0 - Aberdeen 5 |
| TOP OF THE 4TH |
|
Los Angeles (NYP) Angels batting - Pitching for Aberdeen Ironbirds : RHP Dave Reisinger
|
|
Batting: SHB Roger Payne
|
0-0: Ball 1-0: Ball 2-0: Called Strike 2-1: Ball 3-1: Swinging Strike 3-2: Strikes out swinging
|
|
Batting: RHB Pat Crawley
|
0-0: Called Strike 0-1: Foul Ball, location: 2F 0-2: Strikes out looking
|
|
Batting: RHB John Beddow
|
0-0: Fly out, F9 (Flyball, 9, EV 84.4 MPH)
|
| Top of the 4th over - 0 runs, 0 hits, 0 errors, 0 left on base; Los Angeles (NYP) 0 - Aberdeen 5 |
| BOTTOM OF THE 4TH |
|
Aberdeen Ironbirds batting - Pitching for Los Angeles (NYP) Angels : RHP Bartholomeu Voivodic
|
|
Pitching: LHP Alex Pulido
|
|
|
Batting: LHB Rodolfo Montes
|
0-0: Ball 1-0: Ball 2-0: Fly out, F4 (Line Drive, 4, EV 70.0 MPH)
|
|
Batting: SHB Hugo Moreno
|
0-0: Ball 1-0: Fly out, F8 (Flyball, 8LM, EV 86.9 MPH)
|
|
Batting: LHB Shane Free
|
0-0: Called Strike 0-1: Ball 1-1: SINGLE (Line Drive, 56, EV 95.0 MPH)
|
|
Batting: LHB Tim Mulholland
|
0-0: Ball 1-0: Ball 2-0: Called Strike 2-1: Foul Ball, location: 2F 2-2: Strikes out looking
|
| Bottom of the 4th over - 0 runs, 1 hit, 0 errors, 1 left on base; Los Angeles (NYP) 0 - Aberdeen 5 |
| TOP OF THE 5TH |
|
Los Angeles (NYP) Angels batting - Pitching for Aberdeen Ironbirds : RHP Dave Reisinger
|
|
Batting: RHB Tristan Lewis
|
0-0: Swinging Strike 0-1: Ball 1-1: Called Strike 1-2: Ball 2-2: Foul Ball, location: 2F 2-2: Strikes out swinging
|
|
Pitching: LHP Chris Brown
|
|
|
Batting: RHB Zach Robbins
|
0-0: Foul Ball, location: 2F 0-1: Ground out 6-3 (Groundball, 6, EV 97.5 MPH)
|
|
Batting: RHB Steve Hasson
|
0-0: Reached on error, E6 (Groundball, 56, EV 80.0 MPH)
|
|
Batting: RHB Greg Burdine
|
0-0: Ball 1-0: Foul Ball, location: 2F 1-1: Called Strike 1-2: Foul Ball, location: 2F 1-2: Ground out 6-3 (Groundball, 6S, EV 79.4 MPH)
|
| Top of the 5th over - 0 runs, 0 hits, 1 error, 1 left on base; Los Angeles (NYP) 0 - Aberdeen 5 |
| BOTTOM OF THE 5TH |
|
Aberdeen Ironbirds batting - Pitching for Los Angeles (NYP) Angels : LHP Alex Pulido
|
|
Batting: LHB Raul Rojas
|
0-0: Ball 1-0: Foul Ball, location: 2F 1-1: Foul Ball, location: 2F 1-2: Foul Ball, location: 2F 1-2: Foul Ball, location: 2F 1-2: Ball 2-2: Foul Ball, location: 2F 2-2: Reached on error, E3 (Groundball, 34S, EV 85.6 MPH)
|
|
Batting: SHB Jorge Brito
|
0-0: Ball 1-0: Swinging Strike 1-1: Ball 2-1: Ball 3-1: Base on Balls Raul Rojas to second
|
|
Batting: LHB David Best
|
0-0: Called Strike 0-1: Ball 1-1: Swinging Strike 1-2: Ball Wild Pitch! Raul Rojas to third Jorge Brito to second 2-2: Foul Ball, location: 2F 2-2: Strikes out swinging
|
|
Batting: RHB Travis Carter
|
0-0: Called Strike 0-1: Ball 1-1: Ground out U3 (Groundball, 3L, EV 87.5 MPH)
|
|
Batting: LHB Bill Ostlund
|
0-0: Called Strike 0-1: SINGLE (Groundball, 6, EV 98.1 MPH) Raul Rojas scores Jorge Brito to third Runner from 3rd tries for Home, throw by LF and OUT! 7-2
|
| Bottom of the 5th over - 1 run, 1 hit, 1 error, 1 left on base; Los Angeles (NYP) 0 - Aberdeen 6 |
| TOP OF THE 6TH |
|
Los Angeles (NYP) Angels batting - Pitching for Aberdeen Ironbirds : LHP Chris Brown
|
|
Batting: RHB Randy Grewe
|
0-0: Ball 1-0: Foul Ball, location: 2F 1-1: Ball 2-1: DOUBLE (Line Drive, 78XD, EV 107.5 MPH)
|
|
Batting: RHB Jon Griffin
|
0-0: Ground out 6-3 (Groundball, 6, EV 108.1 MPH)
|
|
Batting: SHB Roger Payne
|
0-0: Ball Randy Grewe steals 3rd base 1-0: Ground out 6-3 (Groundball, 6, EV 90.0 MPH) Randy Grewe scores
|
|
Batting: RHB Pat Crawley
|
0-0: Called Strike 0-1: DOUBLE (Line Drive, 9LS, EV 105.6 MPH)
|
|
Batting: RHB John Beddow
|
0-0: Ground out 2-3 (Groundball, 15S, EV 66.2 MPH)
|
| Top of the 6th over - 1 run, 2 hits, 0 errors, 1 left on base; Los Angeles (NYP) 1 - Aberdeen 6 |
| BOTTOM OF THE 6TH |
|
Aberdeen Ironbirds batting - Pitching for Los Angeles (NYP) Angels : LHP Alex Pulido
|
|
Batting: LHB Rodolfo Montes
|
0-0: Foul Ball, location: 2F 0-1: Ball 1-1: Foul Ball, location: 2F 1-2: Ball 2-2: Ball 3-2: Fly out, F7 (Line Drive, 7D, EV 92.5 MPH)
|
|
Pitching: RHP Kevin Greene
|
|
|
Batting: SHB Hugo Moreno
|
0-0: Ball 1-0: Called Strike 1-1: Fly out, F8 (Flyball, 8RS, EV 88.8 MPH)
|
|
Batting: LHB Shane Free
|
0-0: Called Strike 0-1: SOLO HOME RUN (Flyball, 89XD, EV 105.0 MPH), Distance : 424 ft
|
|
Batting: LHB Tim Mulholland
|
0-0: Ball 1-0: Swinging Strike 1-1: Ball 2-1: Foul Ball, location: 2F 2-2: Strikes out looking
|
| Bottom of the 6th over - 1 run, 1 hit, 0 errors, 0 left on base; Los Angeles (NYP) 1 - Aberdeen 7 |
| TOP OF THE 7TH |
|
Los Angeles (NYP) Angels batting - Pitching for Aberdeen Ironbirds : LHP Chris Brown
|
|
Batting: RHB Tristan Lewis
|
0-0: Ball 1-0: Called Strike 1-1: Ball 2-1: Ball 3-1: Base on Balls
|
|
Batting: RHB Zach Robbins
|
0-0: Ball 1-0: Called Strike 1-1: Called Strike 1-2: Strikes out swinging
|
|
Batting: RHB Steve Hasson
|
0-0: Ball 1-0: Ball 2-0: Called Strike 2-1: Ball 3-1: Base on Balls Tristan Lewis to second
|
|
Pitching: LHP Vinny Duarte
|
|
|
Batting: RHB Greg Burdine
|
0-0: Called Strike 0-1: Called Strike 0-2: Ball 1-2: Strikes out swinging
|
|
Batting: RHB Randy Grewe
|
0-0: Ball 1-0: Foul Ball, location: 2F 1-1: Fielders Choice at 2nd, 6-4 (Groundball, 6, EV 82.5 MPH)
|
| Top of the 7th over - 0 runs, 0 hits, 0 errors, 2 left on base; Los Angeles (NYP) 1 - Aberdeen 7 |
| BOTTOM OF THE 7TH |
|
Aberdeen Ironbirds batting - Pitching for Los Angeles (NYP) Angels : RHP Kevin Greene
|
|
Pitching: LHP Brandon Davis
|
|
|
Batting: LHB Raul Rojas
|
0-0: Ball 1-0: Called Strike 1-1: SINGLE (Flyball, 56D, EV 91.2 MPH)
|
|
Batting: SHB Jorge Brito
|
0-0: Called Strike 0-1: Foul Ball, location: 2F 0-2: Ball 1-2: 2-RUN HOME RUN (Flyball, 9LD, EV 95.6 MPH), Distance : 359 ft
|
|
Batting: LHB David Best
|
0-0: Ball 1-0: Foul Ball, location: 2F 1-1: Ball 2-1: Called Strike 2-2: Foul Ball, location: 2F 2-2: Strikes out swinging
|
|
Pitching: RHP Joe Schuler
|
|
|
Batting: RHB Travis Carter
|
0-0: Called Strike 0-1: Swinging Strike 0-2: Strikes out swinging
|
|
Batting: LHB Bill Ostlund
|
0-0: Ball 1-0: Ball 2-0: Ball 3-0: Base on Balls
|
|
Batting: LHB Rodolfo Montes
|
0-0: Ball 1-0: Called Strike 1-1: Foul Ball, location: 2F 1-2: Fielders Choice at 2nd, 5-4 (Groundball, 5, EV 97.5 MPH)
|
| Bottom of the 7th over - 2 runs, 2 hits, 0 errors, 1 left on base; Los Angeles (NYP) 1 - Aberdeen 9 |
| TOP OF THE 8TH |
|
Los Angeles (NYP) Angels batting - Pitching for Aberdeen Ironbirds : LHP Vinny Duarte
|
|
Pinch Hitting: RHB David Kunze
|
0-0: Ball 1-0: Called Strike 1-1: Foul Ball, location: 2F 1-2: Ball 2-2: Foul Ball, location: 2F 2-2: Strikes out swinging
|
|
Pinch Hitting: RHB Luis Garcia
|
0-0: Ground out 4-3 (Groundball, 4, EV 103.1 MPH)
|
|
Batting: RHB Pat Crawley
|
0-0: Ball 1-0: Ground out 6-3 (Groundball, 6, EV 95.6 MPH)
|
| Top of the 8th over - 0 runs, 0 hits, 0 errors, 0 left on base; Los Angeles (NYP) 1 - Aberdeen 9 |
| BOTTOM OF THE 8TH |
|
Aberdeen Ironbirds batting - Pitching for Los Angeles (NYP) Angels : RHP Joe Schuler
|
|
Pitching: LHP Jose Rivera
|
|
|
Now at 1B: Luis Garcia
|
|
|
Now in CF: David Kunze
|
|
|
Batting: SHB Hugo Moreno
|
0-0: Ball 1-0: Ball 2-0: Ball 3-0: Called Strike 3-1: Swinging Strike 3-2: Foul Ball, location: 2F 3-2: Strikes out swinging, 2-3 out at first.
|
|
Batting: LHB Shane Free
|
0-0: Ball 1-0: Called Strike 1-1: Ball 2-1: Foul Ball, location: 2F 2-2: Fly out, F7 (Flyball, 78M, EV 96.2 MPH)
|
|
Batting: LHB Tim Mulholland
|
0-0: Called Strike 0-1: Foul Ball, location: 2F 0-2: Foul Ball, location: 2F 0-2: Ball 1-2: Foul Ball, location: 2F 1-2: Ground out 1-3 (Groundball, 13S, EV 63.1 MPH)
|
| Bottom of the 8th over - 0 runs, 0 hits, 0 errors, 0 left on base; Los Angeles (NYP) 1 - Aberdeen 9 |
| TOP OF THE 9TH |
|
Los Angeles (NYP) Angels batting - Pitching for Aberdeen Ironbirds : LHP Vinny Duarte
|
|
Pinch Hitting: RHB Mario Velazquez
|
0-0: Called Strike 0-1: Ball 1-1: Foul Ball, location: 2F 1-2: Ball 2-2: Strikes out swinging
|
|
Batting: RHB Tristan Lewis
|
0-0: Ball 1-0: Reached via error on a dropped throw from 3B, E3 (Groundball, 56S, EV 82.5 MPH)
|
|
Batting: RHB Zach Robbins
|
0-0: Ball 1-0: Called Strike 1-1: Foul Ball, location: 2F 1-2: Ball 2-2: Strikes out swinging
|
|
Batting: RHB Steve Hasson
|
0-0: Ball Wild Pitch! Tristan Lewis to second 1-0: Called Strike 1-1: Swinging Strike 1-2: Strikes out swinging
|
| Top of the 9th over - 0 runs, 0 hits, 1 error, 1 left on base; Los Angeles (NYP) 1 - Aberdeen 9 |
|